Match 46967955
Unlisted

Match 46967955
End
Selects Australian Defense Battlegroup
Selects Australian Defense Battlegroup
Selects Australian Light Infantry Section
Australian Light Infantry Section
Construct Section Command Post
ML 3-inch Mortar Team
Australian Light Infantry Section
Australian Light Infantry Section
Selects 2-pounder Anti-tank Gun Team
Construct Platoon Command Post
2-pounder Anti-tank Gun Team
CMP 15cwt Truck
Infantry Training
Construct Company Command Post
sj0112
(Luke_NPG
Serek
jaws2005
The101stAirBorne ITA
Reactive
Konrad Curze
FLOKL
0
0

Comments sign in to comment!

No comments posted yet!